 Dungeon Crawl Stone Soup version 0.29.0-4-gdea44cf6ec (webtiles) character file.

Game seed: 10447888427698839621

526 qw the Ruffian (level 7, -4/57 HPs)
             Began as a Ghoul Fire Elementalist on Aug 29, 2022.
             Slain by Prince Ribbit (12 damage)
             ... on level 5 of the Dungeon.
             The game lasted 00:03:54 (4645 turns).

qw the Ruffian (Ghoul Fire Elementalist)            Turns: 4645, Time: 00:03:54

Health: -4/57      AC:  8    Str: 14    XL:     7   Next: 23%
Magic:  8/8        EV:  6    Int: 10    God:
Gold:   219        SH:  0    Dex:  9    Spells: 8/9 levels left

rFire   . . .      SeeInvis +     - Unarmed
rCold   + . .      Faith    .   (no shield)
rNeg    + + +      Spirit   .   a - +0 chain mail
rPois   inf        Reflect  .   (no helmet)
rElec   .          Harm     .   (no cloak)
rCorr   .          Rampage  .   (no gloves)
Will    .....                   (no boots)
Stlth   ..........              (no amulet)
HPRegen 0.00/turn               d - ring of see invisible
MPRegen 0.11/turn               (no ring)

@: about to teleport, inhibited regen
A: claws 1, cold resistance 1, negative energy resistance 3, inhibited
regeneration, torment resistance 2, devour on kill
a: no special abilities


You were on level 5 of the Dungeon.
You visited 1 branch of the dungeon, and saw 5 of its levels.

You collected 219 gold pieces.


Innate Abilities, Weirdness & Mutations

You are immune to poison.
You have sharp fingernails.
Your flesh is cold resistant. (rC+)
You are immune to negative energy. (rN+++)
You do not regenerate when monsters are visible.
You are immune to unholy pain and torment.
You thrive by killing the living.


   Skills:
 - Level 3.5 Fighting
 - Level 1.2 Armour
 - Level 1.7 Dodging
 - Level 2.1 Stealth
 + Level 6.7 Unarmed Combat
 - Level 1.7 Spellcasting
 - Level 0.7 Conjurations
 - Level 2.4 Fire Magic


You had 8 spell levels left.
You knew the following spells:

 Your Spells              Type           Power      Damage    Failure   Level
a - Foxfire               Conj/Fire      16%        2x1d4     99%         1

Your spell library contained the following spells:

 Spells                   Type           Power      Damage    Failure   Level
 Scorch                   Fire           10%        2d6       99%         2
 Conjure Flame            Conj/Fire      4%         6-21      100%        3
 Inner Flame              Hex/Fire       3%         N/A       100%        3
 Flame Wave               Conj/Fire      4%         2d5       100%        4

Inventory:

Missiles
 i - a silver boomerang (quivered)
Armour
 a - a +0 chain mail (worn)
Jewellery
 d - a ring of see invisible (left claw)
Scrolls
 g - 2 scrolls of enchant weapon
Potions
 c - a potion of heal wounds {unknown}
 e - a potion of mutation {unknown}
 f - a potion of curing
 h - a potion of cancellation {unknown}
 l - a potion of resistance {unknown}
 m - a potion of might {unknown}

Dungeon Overview and Level Annotations

Branches:
Dungeon (5/15)
 Temple: D:4-7

Altars:
Ashenzari
Qazlal
Uskayaw

Annotations:
D:2 1 runed translucent door, Crazy Yiuf
D:5 Prince Ribbit


Message History

Throw: boomerang (silver)
Press: ? - help, Q - select action Shift-Dir - straight line, f/p - Prince Ribbit You throw a silver boomerang.
The silver boomerang misses Prince Ribbit.
You closely miss Prince Ribbit. Your claw misses Prince Ribbit.
Prince Ribbit hits you but does no damage.
You scratch Prince Ribbit.
Prince Ribbit is lightly wounded.
Prince Ribbit hits you but does no damage.
You scratch Prince Ribbit. You claw Prince Ribbit!
Prince Ribbit is heavily wounded.
Prince Ribbit hits you.
Prince Ribbit hits you but does no damage.
You closely miss Prince Ribbit.
Prince Ribbit is heavily wounded.
Prince Ribbit hits you!
You scratch Prince Ribbit.
Prince Ribbit is heavily wounded.
Prince Ribbit barely misses you.
You scratch Prince Ribbit.
Prince Ribbit is heavily wounded.
Prince Ribbit hits you but does no damage.
You miss Prince Ribbit.
Prince Ribbit is heavily wounded.
Prince Ribbit hits you.
You scratch Prince Ribbit.
Prince Ribbit is severely wounded.
Prince Ribbit croaks regally.
Prince Ribbit barely misses you. Prince Ribbit hits you!
You claw Prince Ribbit!
Prince Ribbit is almost dead.
Prince Ribbit hits you!
4644 ||| READING scroll of teleportation.
As you read the scroll of teleportation, it crumbles to dust.
You feel strangely unstable. Prince Ribbit hits you.
You miss Prince Ribbit.
Prince Ribbit is almost dead.
Prince Ribbit hits you!
You die...

.#. ... .. ..
.# .#
#########F#.#
.......<@...#
#############


You could see Prince Ribbit.

Vanquished Creatures
  An ogre (D:4)
  A scorpion (D:4)
  A hound (D:3)
  2 iguanas
  Natasha (thrice) (D:3)
  2 orc wizards (D:4)
  5 adders (D:4)
  A white imp (D:4)
  A worm (D:4)
  4 dart slugs
  14 orcs
  4 endoplasms
  5 giant cockroaches
  9 goblins
  13 hobgoblins
  4 jackals (D:1)
  6 quokkas
  6 ball pythons
  3 bats
  4 frilled lizards
  6 kobolds
  6 rats
101 creatures vanquished.

Notes
Turn   | Place    | Note
-------+----------+-------------------------------------------
     0 | D:1      | qw the Ghoul Fire Elementalist began the quest for the Orb.
     0 | D:1      | Reached XP level 1. HP: 14/14 MP: 2/2
     0 | D:1      | 0 ||| qw: Version: 0.1-a-90-g952f4b7
     0 | D:1      | 0 ||| qw: Game counter: 3763
     0 | D:1      | 0 ||| qw: Always use a shield: true
     0 | D:1      | 0 ||| qw: God list: Okawaru
     0 | D:1      | 0 ||| qw: Allow faded altars: false
     0 | D:1      | 0 ||| qw: Do Orc after D:15 true
     0 | D:1      | 0 ||| qw: Do second Lair branch before Depths: true
     0 | D:1      | 0 ||| qw: Lair rune preference: random
     0 | D:1      | 0 ||| qw: Plans: Normal
     0 | D:1      | 0 ||| PLANNING D:1-11
    48 | D:1      | 48 ||| Stepping ~*~*~tactically~*~*~ (stealth).
    57 | D:1      | Reached skill level 1 in Unarmed Combat
    66 | D:1      | 66 ||| Stepping ~*~*~tactically~*~*~ (stealth).
   105 | D:1      | 105 ||| Stepping ~*~*~tactically~*~*~ (stealth).
   106 | D:1      | 106 ||| Stepping ~*~*~tactically~*~*~ (stealth).
   112 | D:1      | Reached skill level 1 in Fighting
   112 | D:1      | Reached XP level 2. HP: 14/23 MP: 3/3
   241 | D:1      | 241 ||| Stepping ~*~*~tactically~*~*~ (stealth).
   242 | D:1      | 242 ||| Stepping ~*~*~tactically~*~*~ (stealth).
   250 | D:1      | 250 ||| Stepping ~*~*~tactically~*~*~ (stealth).
   251 | D:1      | 251 ||| Stepping ~*~*~tactically~*~*~ (stealth).
   272 | D:1      | 272 ||| Stepping ~*~*~tactically~*~*~ (stealth).
   335 | D:1      | 335 ||| Stepping ~*~*~tactically~*~*~ (stealth).
   338 | D:1      | 338 ||| Stepping ~*~*~tactically~*~*~ (stealth).
   348 | D:1      | 348 ||| Stepping ~*~*~tactically~*~*~ (stealth).
   349 | D:1      | 349 ||| Stepping ~*~*~tactically~*~*~ (stealth).
   351 | D:1      | 351 ||| Stepping ~*~*~tactically~*~*~ (stealth).
   354 | D:1      | 354 ||| Stepping ~*~*~tactically~*~*~ (stealth).
   355 | D:1      | 355 ||| Stepping ~*~*~tactically~*~*~ (stealth).
   357 | D:1      | 357 ||| Stepping ~*~*~tactically~*~*~ (stealth).
   359 | D:1      | 359 ||| Stepping ~*~*~tactically~*~*~ (stealth).
   361 | D:1      | 361 ||| Stepping ~*~*~tactically~*~*~ (stealth).
   369 | D:1      | 369 ||| Stepping ~*~*~tactically~*~*~ (stealth).
   397 | D:1      | HP: 5/23 [quokka (4)]
   754 | D:1      | Reached skill level 2 in Unarmed Combat
   979 | D:1      | 979 ||| Stepping ~*~*~tactically~*~*~ (stealth).
  1067 | D:1      | 1067 ||| Stepping ~*~*~tactically~*~*~ (stealth).
  1069 | D:1      | 1069 ||| Stepping ~*~*~tactically~*~*~ (stealth).
  1108 | D:1      | Reached XP level 3. HP: 27/28 MP: 4/4
  1351 | D:1      | 1351 ||| UPGRADING to +0 leather armour.
  1361 | D:1      | 1361 ||| DROPPING +0 robe.
  1362 | D:1      | 1362 ||| UPGRADING to +0 ring mail.
  1372 | D:1      | 1372 ||| DROPPING +0 leather armour.
  1373 | D:1      | 1373 ||| READING scroll labelled VOEBBEI OSKYKO.
  1374 | D:1      | 1374 ||| READING 2 scrolls labelled VOOCUF KOE.
  1375 | D:1      | 1375 ||| READING scroll labelled BIBISO MUDAED.
  1476 | D:1      | 1476 ||| READING scroll labelled UXAURPHU AGATEAFOA.
  1477 | D:1      | 1477 ||| DRINKING 2 viscous puce potions.
  1478 | D:1      | 1478 ||| DROPPING potion of magic.
  1479 | D:1      | 1479 ||| DROPPING potion of brilliance.
  1517 | D:2      | 1517 ||| Stepping ~*~*~tactically~*~*~ (hiding).
  1870 | D:2      | Reached skill level 3 in Unarmed Combat
  1884 | D:2      | 1884 ||| Stepping ~*~*~tactically~*~*~ (stealth).
  1940 | D:2      | 1940 ||| Stepping ~*~*~tactically~*~*~ (stealth).
  1943 | D:2      | 1943 ||| Stepping ~*~*~tactically~*~*~ (outnumbered).
  1944 | D:2      | 1944 ||| Stepping ~*~*~tactically~*~*~ (outnumbered).
  1945 | D:2      | 1945 ||| Stepping ~*~*~tactically~*~*~ (outnumbered).
  2155 | D:2      | Reached XP level 4. HP: 35/35 MP: 5/5
  2189 | D:2      | Found a faded altar of an unknown god.
  2274 | D:2      | Found a hide-covered altar of Uskayaw.
  2279 | D:2      | 2279 ||| Stepping ~*~*~tactically~*~*~ (hiding).
  2381 | D:2      | 2381 ||| Stepping ~*~*~tactically~*~*~ (hiding).
  2510 | D:2      | Found a runed translucent door.
  2511 | D:2      | Noticed Crazy Yiuf
  2514 | D:2      | 2514 ||| UPGRADING to +0 chain mail.
  2524 | D:2      | 2524 ||| DROPPING +0 ring mail.
  2659 | D:3      | Reached skill level 4 in Unarmed Combat
  2804 | D:3      | 2804 ||| Stepping ~*~*~tactically~*~*~ (stealth).
  2813 | D:3      | 2813 ||| Stepping ~*~*~tactically~*~*~ (outnumbered).
  2814 | D:3      | 2814 ||| Stepping ~*~*~tactically~*~*~ (outnumbered).
  2815 | D:3      | 2815 ||| Stepping ~*~*~tactically~*~*~ (outnumbered).
  2816 | D:3      | 2816 ||| Stepping ~*~*~tactically~*~*~ (outnumbered).
  2820 | D:3      | Reached XP level 5. HP: 37/41 MP: 6/6
  2849 | D:3      | 2849 ||| Stepping ~*~*~tactically~*~*~ (stealth).
  2913 | D:3      | Found a stormy altar of Qazlal.
  2943 | D:3      | Noticed Natasha
  2944 | D:3      | 2944 ||| Stepping ~*~*~tactically~*~*~ (stealth).
  2945 | D:3      | 2945 ||| Stepping ~*~*~tactically~*~*~ (stealth).
  2959 | D:3      | Killed Natasha
  2960 | D:3      | Reached skill level 1 in Armour
  2968 | D:3      | Noticed Natasha
  2973 | D:3      | Killed Natasha
  3283 | D:3      | Noticed Natasha
  3284 | D:3      | 3284 ||| Stepping ~*~*~tactically~*~*~ (hiding).
  3286 | D:3      | 3286 ||| Stepping ~*~*~tactically~*~*~ (hiding).
  3298 | D:3      | Killed Natasha
  3299 | D:3      | Reached skill level 5 in Unarmed Combat
  3409 | D:3      | 3409 ||| DROPPING amulet of magic regeneration.
  3410 | D:3      | 3410 ||| UPGRADING to ring of see invisible.
  3411 | D:3      | 3411 ||| READING scroll labelled LYDOLU HYOTUM.
  3452 | D:4      | 3452 ||| Stepping ~*~*~tactically~*~*~ (stealth).
  3457 | D:4      | 3457 ||| Stepping ~*~*~tactically~*~*~ (outnumbered).
  3459 | D:4      | 3459 ||| Stepping ~*~*~tactically~*~*~ (outnumbered).
  3460 | D:4      | 3460 ||| Stepping ~*~*~tactically~*~*~ (outnumbered).
  3473 | D:4      | Reached XP level 6. HP: 48/48 MP: 7/7
  3643 | D:4      | Reached skill level 6 in Unarmed Combat
  3669 | D:4      | 3669 ||| Stepping ~*~*~tactically~*~*~ (stealth).
  3686 | D:4      | Reached skill level 3 in Fighting
  3862 | D:4      | Reached XP level 7. HP: 37/57 MP: 8/8
  3966 | D:4      | Found a broken altar of Ashenzari.
  3974 | D:4      | 3974 ||| Stepping ~*~*~tactically~*~*~ (outnumbered).
  3975 | D:4      | 3975 ||| Stepping ~*~*~tactically~*~*~ (outnumbered).
  3976 | D:4      | 3976 ||| Stepping ~*~*~tactically~*~*~ (hiding).
  3977 | D:4      | 3977 ||| Stepping ~*~*~tactically~*~*~ (outnumbered).
  3978 | D:4      | 3978 ||| Stepping ~*~*~tactically~*~*~ (hiding).
  3979 | D:4      | 3979 ||| Stepping ~*~*~tactically~*~*~ (outnumbered).
  3980 | D:4      | 3980 ||| Stepping ~*~*~tactically~*~*~ (outnumbered).
  3981 | D:4      | 3981 ||| Stepping ~*~*~tactically~*~*~ (outnumbered).
  3982 | D:4      | 3982 ||| Stepping ~*~*~tactically~*~*~ (outnumbered).
  4008 | D:4      | 4008 ||| Stepping ~*~*~tactically~*~*~ (stealth).
  4009 | D:4      | 4009 ||| Stepping ~*~*~tactically~*~*~ (stealth).
  4010 | D:4      | 4010 ||| Stepping ~*~*~tactically~*~*~ (stealth).
  4011 | D:4      | 4011 ||| Stepping ~*~*~tactically~*~*~ (stealth).
  4012 | D:4      | 4012 ||| Stepping ~*~*~tactically~*~*~ (stealth).
  4074 | D:4      | 4074 ||| Stepping ~*~*~tactically~*~*~ (hiding).
  4075 | D:4      | 4075 ||| Stepping ~*~*~tactically~*~*~ (hiding).
  4608 | D:4      | 4608 ||| READING scroll labelled JAMIXO QUTUI.
  4609 | D:4      | 4609 ||| READING scroll labelled OWIJAI OSILUCS.
  4610 | D:4      | 4610 ||| READING 2 scrolls labelled JIORHE WUAXESK.
  4615 | D:4      | 4615 ||| DRINKING 2 lumpy sapphire potions.
  4628 | D:5      | Entered Level 5 of the Dungeon
  4628 | D:5      | Noticed Prince Ribbit
  4643 | D:5      | HP: 12/57 [Prince Ribbit (8)]
  4644 | D:5      | 4644 ||| READING scroll of teleportation.
  4645 | D:5      | Slain by Prince Ribbit

Levels and vault maps discovered:
D:1:      lightli_arrival_lavapool, layout_basic
D:2:      layout_loops_ring, chequers_ecumenical_altar_simple_redux,
          basic_altar, uniq_crazy_yiuf_cottage
D:3:      layout_rooms, amcnicky_altar_gilded, uniq_natasha
D:4:      kb_forest_paths, layout_cave_pods, mainiacjoe_overflow_small_starburst
D:5:      layout_loops_ring, amethyst_killhole, dk_noncrumbling_2,
          uniq_menkaure, uniq_prince_ribbit1

Skill      XL: |  1  2  3  4  5  6 |
---------------+-------------------+-----
Unarmed Combat | 1 2 3 4 5 6 |  6.7
Fighting       | 1 2 3 |  3.5
Armour         | 1 |  1.2
Dodging        | |  1.7
Stealth        | |  2.1
Spellcasting   | |  1.7
Conjurations   | |  0.7
Fire Magic     | |  2.4

Action                   |  1- 3 |  4- 6 |  7- 9 || total
-------------------------+-------+-------+-------++-------
Melee: Unarmed           |   174 |   125 |    83 ||   382
       Punch             |     2 |     2 |     3 ||     7
Throw: Boomerang         |    29 |    43 |    13 ||    85
  Use: Scroll            |     4 |     1 |     4 ||     9
       Potion            |     1 |       |     1 ||     2
Armor: Robe              |    18 |       |       ||    18
       Ring mail         |    18 |     1 |       ||    19
       Chain mail        |       |    42 |    35 ||    77
Dodge: Dodged            |    88 |    32 |    25 ||   145

Table legend:
 A = Non-vault XP
 B = Vault XP
 C = Vault XP percentage of total XP
 D = Non-vault monster count
 E = Vault monster count
 F = Vault count percentage of total count
                 A         B        C        D         E       F
            +---------+---------+-------+---------+---------+-------
      Total |     579 |     173 |  23.0 |      94 |       7 |   6.9
            +---------+---------+-------+---------+---------+-------
        D:1 |      41 |       0 |   0.0 |      26 |       0 |   0.0
        D:2 |      48 |       0 |   0.0 |      22 |       0 |   0.0
        D:3 |     183 |      35 |  16.1 |      17 |       1 |   5.6
        D:4 |     307 |     138 |  31.0 |      29 |       6 |  17.1
            +---------+---------+-------+---------+---------+-------
